 Seeded DCSS version 0.30-a0-242-g7bf8e6d787 (webtiles) character file.

Game seed: 11836800648259413034 (custom seed)

184 Hubris850 the Shooter (level 5, -6/29 HPs)
             Began as a Deep Elf Hunter on Oct 11, 2022.
             Mangled by Duvessa
             ... wielding a +3 short sword
              (8 damage)
             ... on level 4 of the Dungeon.
             The game lasted 00:08:33 (1712 turns).

Hubris850 the Shooter (Deep Elf Hunter)             Turns: 1712, Time: 00:08:34

Health: -6/29      AC: 10    Str:  8    XL:     5   Next: 36%
Magic:  7/7        EV: 12    Int: 14    God:
Gold:   1673       SH:  0    Dex: 20    Spells: 4/4 levels left

rFire   . . .      SeeInvis .    a - +0 shortbow
rCold   . . .      Faith    .    (shield currently unavailable)
rNeg    . . .      Spirit   .    c - +0 leather armour
rPois   .          Reflect  .    m - +0 helmet
rElec   .          Harm     .    h - +0 cloak
rCorr   .          Rampage  .    n - +0 pair of gloves
Will    .....                    (no boots)
Stlth   +++.......               (no amulet)
HPRegen 0.24/turn                j - ring of wizardry
MPRegen 0.10/turn                l - +4 ring of protection

@: brilliant
A: no striking features
a: no special abilities


You were on level 4 of the Dungeon.
You visited 1 branch of the dungeon, and saw 4 of its levels.

You collected 1673 gold pieces.

Inventory:

Hand Weapons
 a - a +0 shortbow (weapon)
 b - a +1 dagger of draining
Missiles
 r - 4 curare-tipped darts
Armour
 c - a +0 leather armour (worn)
 e - a +0 buckler
 h - a +0 cloak (worn)
 m - a +0 helmet (worn)
 n - a +0 pair of gloves (worn)
 q - the +1 robe of Action {-Cast rF+ Str+7}
   (You found it on level 3 of the Dungeon)

   Str:       It affects your strength (+7).
   rF:        It protects you from fire.
   -Cast:     It prevents spellcasting.
Jewellery
 j - a ring of wizardry (left hand)
 l - a +4 ring of protection (right hand)
Scrolls
 o - a scroll of enchant weapon {unknown}
Potions
 d - a potion of flight {unknown}
 f - 2 potions of brilliance
 g - 3 potions of heal wounds {unknown}
 i - a potion of curing {unknown}
 p - a potion of might {unknown}


   Skills:
 - Level 1.5 Fighting
 + Level 7.9 Ranged Weapons
 - Level 2.4 Dodging
 - Level 4.0 Stealth


You had 4 spell levels left.
You didn't know any spells.
Your spell library contained the following spells:

 Spells                   Type           Power      Damage    Failure   Level
 Static Discharge         Conj/Air       0%         2-2/arc   26%         2
 Sublimation of Blood     Necr           0%         N/A       26%         2
 Vhi's Electric Charge    Tloc/Air       0%         N/A       43%         3
 Petrify                  Tmut/Erth      0%         N/A       82%         4
 Arcjolt                  Conj/Air       0%         1d10      98%         5
 Irradiate                Conj/Tmut      0%         3d11      98%         5
 Lightning Bolt           Conj/Air       0%         1d11      98%         5


Dungeon Overview and Level Annotations

Branches:
Dungeon (4/15)
 Temple: D:4-7

Altars:
Makhleb

Annotations:
D:4 Duvessa


Message History

Dowan is heavily wounded.
Dowan is engulfed in blazing flames.
Flame seeps out of Dowan.
Duvessa says, "When magic and the sword combine, nothing stands against them."
Fire: a) +0 shortbow
Press: ? - help, Q - select action, (/) - cycle Shift-Dir - straight line, f/p - Dowan
Aim: Dowan, wielding a +0 dagger and wearing a +0 robe (almost dead, inner flame, 56% to hit)
You shoot an arrow. The arrow closely misses Dowan.
The arrow hits Duvessa.
Flame seeps out of Duvessa.
Duvessa is lightly wounded.
Duvessa is engulfed in blazing flames.
Flame seeps out of Duvessa.
Dowan says, "My weaknesses are her strengths!"
Dowan hits you with a +0 dagger.
Fire: a) +0 shortbow
Press: ? - help, Q - select action, (/) - cycle Shift-Dir - straight line, f/p - Dowan
Aim: Dowan, wielding a +0 dagger and wearing a +0 robe (almost dead, inner flame, 56% to hit)
You shoot an arrow. The arrow hits Dowan.
Flame seeps out of Dowan.
Dowan is almost dead.
Dowan is engulfed in blazing flames.
Duvessa weeps, and shakes her weapon.
Duvessa goes berserk!
Dowan explodes!
The fiery explosion engulfs you!!
Ouch! That really hurt!
* * * LOW HITPOINT WARNING * * *
Duvessa rages.
You have reached level 5!
Fire: a) +0 shortbow
Press: ? - help, Q - select action, (/) - cycle Shift-Dir - straight line, f - Duvessa
Aim: Duvessa, wielding a +3 short sword and wearing a +0 leather armour (flame, moderately wounded, berserk, inner flame, 69% to hit)
You shoot an arrow.
The arrow hits Duvessa but does no damage.
Duvessa is moderately wounded.
Duvessa is engulfed in blazing flames.
Flame seeps out of Duvessa.
Duvessa is engulfed in blazing flames.
Flame seeps out of Duvessa.
Okay, then.
It was a potion of brilliance.
You feel clever all of a sudden.
Duvessa is engulfed in blazing flames.
Flame seeps out of Duvessa.
Duvessa hits you with a +3 short sword!
You die...

....# #.....##....# ....##
#...........# .....#
#...........#
.....########...........#
#.##............#..........
#.##....##################..
#.....#.# #
#######.#.##############
........#....ยง)e@......#
######################.#
#........# #.# #.######.#
#.# #.# #.# #.# #.# #.# #.#
#.# #.####.# #.# #......#
##########.# ########


You could see Duvessa (berserk, inner flame).

Vanquished Creatures
  Dowan (D:4)
  A hound (D:4)
  Robin (D:2)
  3 adders (D:2)
  A worm (D:2)
  3 dart slugs
  2 endoplasms
  A giant cockroach (D:1)
  14 goblins
  7 hobgoblins
  A quokka (D:1)
  7 ball pythons
  7 bats
  2 frilled lizards (D:1)
  3 kobolds
  7 rats
61 creatures vanquished.

Notes
Turn   | Place    | Note
-------+----------+-------------------------------------------
     0 | D:1      | Hubris850 the Deep Elf Hunter began the quest for the Orb.
     0 | D:1      | Reached XP level 1. HP: 12/12 MP: 3/3
    84 | D:1      | Reached XP level 2. HP: 16/16 MP: 4/4
   269 | D:1      | Identified 3 scrolls of acquirement
   269 | D:1      | Acquired a ring of wizardry
   272 | D:1      | Acquired 693 gold pieces
   274 | D:1      | Acquired 838 gold pieces
   391 | D:1      | Found a faded altar of an unknown god.
   600 | D:2      | Reached skill level 6 in Ranged Weapons
   600 | D:2      | Noticed Robin
   613 | D:2      | Reached XP level 3. HP: 14/19 MP: 5/5
   770 | D:2      | Killed Robin
   771 | D:2      | Reached XP level 4. HP: 25/25 MP: 6/6
  1460 | D:3      | Identified the +1 robe of Action {-Cast rF+ Str+7}
  1534 | D:3      | Found a burning altar of Makhleb.
  1690 | D:4      | Reached skill level 7 in Ranged Weapons
  1704 | D:4      | Noticed Dowan
  1704 | D:4      | Noticed Duvessa
  1709 | D:4      | Killed Dowan
  1709 | D:4      | HP: 1/25 [spore (21)]
  1710 | D:4      | Reached XP level 5. HP: 2/29 MP: 7/7
  1712 | D:4      | Mangled by Duvessa

Illustrated notes

Levels and vault maps discovered:
D:1:      minmay_arrival_nine_rooms, layout_rooms,
          dreamdust_ecumenical_altar_hidden_monk_grotto
D:2:      layout_loops_ring, minmay_strange_pillars, uniq_robin
D:3:      layout_basic, lightli_temple_of_fire
D:4:      layout_basic, mainiacjoe_overflow_cross_hatched, portal_sewer_entry_e,
          uniq_duvessa

Skill      XL: |  1  2  3  4 |
---------------+-------------+-----
Stealth        | 2 3 4 |  4.0
Ranged Weapons | 6 7 |  7.9
Fighting       | |  1.5
Dodging        | |  2.4

Action                   |  1- 3 |  4- 6 || total
-------------------------+-------+-------++-------
 Fire: Shortbow          |    92 |    59 ||   151
  Use: Scroll            |     4 |     1 ||     5
       Potion            |       |     1 ||     1
Armor: Leather armour    |    13 |     6 ||    19
Dodge: Dodged            |    17 |    10 ||    27

Table legend: (Time is in decaauts)
 A = Elapsed time spent in this place.
 B = Non-inter-level travel time spent in this place.
 C = Inter-level travel time spent in this place.
 D = Time resting spent in this place.
 E = Time spent auto-exploring this place.
 F = Levels seen in this place.
 G = Mean time per level.
                   A        B        C        D        E       F      G
               +--------+--------+--------+--------+--------+-----+--------+
         Total |   1747 |   1647 |    100 |      0 |   1302 |   4 |  436.8 |
       Dungeon |   1747 |   1647 |    100 |      0 |   1302 |   4 |  436.8 |
               +--------+--------+--------+--------+--------+-----+--------+

Top non-repeatable levels by time:
     D:2: 730 daAuts
     D:1: 632 daAuts
     D:3: 258 daAuts
     D:4: 126 daAuts
